 Dungeon Crawl Stone Soup version 0.31-a0-121-g1e386dd289 (webtiles) character file.

Game seed: 2916819864159651817

2937 erloom the Grappler (level 9, -5/71 HPs)
             Began as a Grey Draconian Transmuter on May 31, 2023.
             Was a Follower of Makhleb.
             Killed from afar by a steam dragon (14 damage)
             ... with a ball of steam
             ... on level 8 of the Dungeon.
             The game lasted 00:21:53 (9103 turns).

erloom the Grappler (Grey Draconian Transmuter)     Turns: 9103, Time: 00:21:53

Health: -5/71      AC:  2    Str: 13    XL:     9   Next: 51%
Magic:  14/15      EV: 19    Int: 17    God:    Makhleb [*.....]
Gold:   277        SH:  0    Dex: 17    Spells: 6/16 levels left

rFire   . .          .
                       - Unarmed
rCold   . . .        (shield currently unavailable)
rNeg    . . .        (body armour unavailable)
rPois   .            (helmet currently unavailable)
rElec   .            l - melded scarf {repulsion}
rCorr   .            x - melded +0 pair of gloves
SInv    .            A - melded +1 pair of boots
Will    .....        (no amulet)
Stlth   ++           B - ring of poison resistance
HPRegen 0.31/turn    (no ring)
MPRegen 0.14/turn

%: no passive effects
@: spider-form (expiring), wereblooded (expiring)
A: venomous fangs, AC +12, (amphibious), tiny, unfitting armour, (cold-blooded)
a: End Transformation, Renounce Religion


You were on level 8 of the Dungeon.
You worshipped Makhleb.
Makhleb was aware of your devotion.
You were a venomous arachnid creature.
You visited 2 branches of the dungeon, and saw 9 of its levels.

You collected 449 gold pieces.
You spent 172 gold pieces at shops.

Inventory:

Hand Weapons
 w - the +4 morningstar of Bloodstone {elec, *Slow rElec rF+ SInv}
   (You found it on level 5 of the Dungeon)

   rF:        It protects you from fire.
   rElec:     It insulates you from electricity.
   SInv:      It lets you see invisible.
   *Slow:     It may slow you when you take damage.
Missiles
 k - 2 boomerangs of dispersal
 o - 9 boomerangs
 z - a throwing net
Armour
 l - a scarf of repulsion (melded)
 x - a +0 pair of gloves (melded)
 A - a +1 pair of boots (melded)
Magical Staves
 c - a staff of air
Jewellery
 B - a ring of poison resistance (left front pincers)
Wands
 D - a wand of roots (14)
Scrolls
 b - 2 scrolls of fog
 e - a scroll of amnesia
 f - 2 scrolls of blinking
 h - 3 scrolls of noise
 i - 6 scrolls of teleportation
 n - 4 scrolls of fear
 p - 3 scrolls of enchant weapon
 s - a scroll of brand weapon {unknown}
 t - a scroll of poison {unknown}
 v - 2 scrolls of immolation {unknown}
 y - a scroll of enchant armour {unknown}
 C - a scroll of silence {unknown}
Potions
 a - a potion of brilliance
 d - 4 potions of heal wounds
 g - a potion of attraction
 j - 2 potions of curing
 m - a potion of enlightenment {unknown}
 q - a potion of haste {unknown}
 r - a potion of degeneration {unknown}
 u - a potion of invisibility {unknown}


   Skills:
 - Level 4.0 Fighting
 - Level 2.0 Dodging
 - Level 8.0 Unarmed Combat
 + Level 4.3 Spellcasting
 + Level 7.3 Transmutations
 + Level 1.2 Air Magic
 - Level 4.0 Poison Magic
 + Level 3.8 Invocations
 + Level 1.5 Evocations


You had 6 spell levels left.
You knew the following spells:

 Your Spells              Type           Power      Damage    Failure   Level
a - Beastly Appendage     Tmut           56%        N/A       4%          1
b - Spider Form           Tmut/Pois      22%        N/A       14%         3
c - Wereblood             Tmut           28%        N/A       5%          2
d - Ice Form              Ice/Tmut       16%        N/A       56%         4

Your spell library contained the following spells:

 Spells                   Type           Power      Damage    Failure   Level
 Ignite Poison            Fire/Tmut/Pois 16%        N/A       24%         3
 Cigotuvi's Dreadful Rot  Necr/Pois/Air  18%        N/A       28%         2
 Kiss of Death            Conj/Necr      12%        2d6       34%         1
 Blink                    Tloc           6%         N/A       45%         2
 Lesser Beckoning         Tloc           6%         N/A       45%         2
 Momentum Strike          Conj/Tloc      6%         3d8       45%         2
 Alistair's Intoxication  Tmut/Pois      14%        N/A       61%         5
 Confusing Touch          Hex            3%         N/A       65%         3
 Yara's Violent Unravell  Hex/Tmut       8%         3d5       85%         5
 Dispel Undead            Necr           3%         3d7       94%         4
 Freezing Cloud           Conj/Ice/Air   2%         6-21      99%         5
 Necromutation            Tmut/Necr      8%         N/A       100%        8


Dungeon Overview and Level Annotations

Branches:
Dungeon (8/15)             Temple (1/1) D:5
   Lair: D:8-11

Altars:
Elyvilon
Makhleb
Uskayaw
Wu Jian
Xom
The Shining One

Shops:
D:1 [[   D:2 (


Innate Abilities, Weirdness & Mutations

You are a venomous arachnid creature.
You have venomous fangs.
You are tiny and dextrous.
Your spellcasting is less reliable in this form.
Your armour is entirely melded.
You are incapable of wielding weapons or throwing items.
((Your dull iron-grey scales are very hard. (AC +12)))
((You are amphibious.))
You cannot fit into any form of body armour.
((You are cold-blooded and may be slowed by cold attacks.))


Message History

* * * LOW HITPOINT WARNING * * *
Unknown command.
You are engulfed in a cloud of scalding steam.
* * * LOW HITPOINT WARNING * * *
The steam dragon breathes steam at you. The ball of steam misses you.
You are engulfed in a cloud of scalding steam.
* * * LOW HITPOINT WARNING * * *
You hiss as the wereblood boils in your veins!
The steam dragon breathes steam at you. The ball of steam misses you.
You are engulfed in a cloud of scalding steam.
* * * LOW HITPOINT WARNING * * *
You hiss as the wereblood boils in your veins!
You are no longer corroded.
You feel much better.
Your transformation is almost over.
Unknown command.
Unknown command.
The steam dragon breathes steam at you. The ball of steam hits you!
* * * LOW HITPOINT WARNING * * *
Your primal bloodlust is almost over.
You hit the steam dragon but do no damage.
The steam dragon is poisoned.
You bite the steam dragon!
The steam dragon looks as sick as possible!
The steam dragon is moderately wounded.
The steam dragon closely misses you. The steam dragon completely misses you.
You hit the steam dragon but do no damage.
The steam dragon is heavily wounded.
The steam dragon bites you!
* * * LOW HITPOINT WARNING * * *
The steam dragon misses you.
You hit the steam dragon but do no damage.
The steam dragon looks as sick as possible!
The steam dragon is heavily wounded.
The steam dragon breathes steam at you. The ball of steam hits you!
You die...

......#..#..## #....##
#.. .....##....##
##..#..# #.
...#.....## #..###.##
#. ..........# #..#
#..## ## ...#####..#
##.## ##..#### .
##.###..# #......
#...#..# #......
##D.....####...##.#
###.s§...........#..#
.#
#...................#
#..
#..###...###.........#
.. ....# ##..#
##......... # ...#
#..# ##........ # ...
#..# .#...... . #..#
##. ##..... # ...#
....#...... # #..#
.... ...........


You could see a steam dragon (extremely poisoned, catching breath).

Vanquished Creatures
  An acid dragon (D:8)
  An orc warrior (D:6)
  A sky beast (D:8)
  3 ice beasts
  3 black bears
  2 ogres
  4 centaurs
  A phantom (D:7)
  A kobold brigand (D:4)
  2 bullfrogs
  3 scorpions
  4 wights
  6 killer bees (D:7)
  2 howler monkeys (D:8)
  An orc priest (D:4)
  A sleepcap (D:7)
  2 hounds
  5 iguanas
  4 orc wizards
  5 gnolls (D:7)
  11 adders
  2 white imps
  An ufetubus (D:6)
  A worm (D:4)
  4 dart slugs
  14 orcs
  7 ball pythons
  7 endoplasms
  5 giant cockroaches
  10 goblins
  9 hobgoblins
  7 jackals
  11 kobolds
  2 quokkas
  8 bats
  3 frilled lizards
  5 rats
159 creatures vanquished.

Vanquished Creatures (others)
  An orc (D:8)
1 creature vanquished.

Grand Total: 160 creatures vanquished

Notes
Turn   | Place    | Note
-------+----------+-------------------------------------------
     0 | D:1      | erloom the Draconian Transmuter began the quest for the
                  | Orb.
     0 | D:1      | Reached XP level 1. HP: 16/16 MP: 3/3
   127 | D:1      | Found Baxuddeh's Antique Armour Shoppe.
   142 | D:1      | Reached XP level 2. HP: 15/23 MP: 5/5
   497 | D:1      | Reached skill level 4 in Unarmed Combat
   544 | D:1      | Found Gorha's Antique Armour Shop.
   689 | D:1      | Reached XP level 3. HP: 22/28 MP: 6/6
  1154 | D:2      | Found Tuoq's Antique Weapon Shoppe.
  1181 | D:2      | Found a faded altar of an unknown god.
  1231 | D:2      | Reached skill level 5 in Unarmed Combat
  1231 | D:2      | Reached XP level 4. HP: 29/35 MP: 5/7
  1235 | D:2      | Learned a level 3 spell: Spider Form
  2218 | D:3      | Reached skill level 1 in Poison Magic
  2678 | D:3      | Reached XP level 5. HP: 24/40 MP: 6/8
  3476 | D:4      | Got the Annotations on Metamorphosis
  4036 | D:5      | Entered Level 5 of the Dungeon
  4045 | D:4      | Reached XP level 6. HP: 35/47 MP: 8/10
  4085 | D:4      | Learned a level 2 spell: Wereblood
  4104 | D:4      | HP: 2/47 [orc/+0 flail (6)]
  4616 | D:4      | HP: 2/47 [scorpion (5)]
  4921 | D:5      | Your scales start taking on a dull iron-grey colour.
  4921 | D:5      | Reached XP level 7. HP: 19/52 MP: 10/12
  5366 | D:5      | Found a staircase to the Ecumenical Temple.
  5371 | D:5      | Identified the +4 morningstar of Bloodstone {elec, *Slow
                  | rElec rF+ SInv}
  5380 | Temple   | Entered the Ecumenical Temple
  5389 | Temple   | Became a worshipper of Makhleb the Destroyer
  5821 | D:6      | Reached skill level 5 in Transmutations
  6383 | D:6      | Reached XP level 8. HP: 36/63 MP: 8/14
  6657 | D:6      | Reached skill level 6 in Unarmed Combat
  6895 | D:7      | Reached skill level 7 in Unarmed Combat
  7472 | D:7      | Reached * piety under Makhleb
  7500 | D:7      | Reached skill level 8 in Unarmed Combat
  7500 | D:7      | Reached skill level 1 in Invocations
  7500 | D:7      | Reached XP level 9. HP: 68/71 MP: 11/15
  8400 | D:1      | Bought a pair of runed boots for 172 gold pieces
  8611 | D:8      | Learned a level 4 spell: Ice Form
  8779 | D:8      | Reached skill level 1 in Evocations
  9072 | D:8      | Reached skill level 1 in Air Magic
  9094 | D:8      | HP: 1/71 [something] (10)]
  9103 | D:8      | Killed from afar by a steam dragon

Illustrated notes

Levels and vault maps discovered:
D:1:      wander_arrival_fairy_ring, layout_loops_corners, serial_shops,
          nicolae_lakefront_shop, shop
D:2:      kb_forest_paths, layout_rooms, ebering_ecumenical_altar_hall,
          serial_shops, nicolae_shop_behind_doors, minmay_curled_crystal
D:3:      layout_basic, dreamdust_wishing_well
D:4:      layout_basic
D:5:      layout_gridville, minmay_temple_entry_offerings
D:6:      layout_loops_ring, chequers_garden
D:7:      layout_basic, minivault_1
D:8:      layout_layer_cave
Temple:   nicolae_temple_bog_church

Skill      XL: |  1  2  3  4  5  6  7  8  9 |
---------------+----------------------------+-----
Unarmed Combat | 4 5 8 |  8.0
Poison Magic   | 1 2 3 4 |  4.0
Transmutations | 3 4 5 6 7 |  7.3
Spellcasting   | 3 4 |  4.3
Fighting       | 3 4 |  4.0
Dodging        | 2 |  2.0
Invocations    | 1 3 |  3.8
Evocations     | 1 |  1.5
Air Magic      | 1 |  1.2

Action                     |  1- 3 |  4- 6 |  7- 9 || total
---------------------------+-------+-------+-------++-------
  Melee: Unarmed           |   126 |   280 |   312 ||   718
         Tailslap          |    12 |    20 |    26 ||    58
         Kick              |     5 |    18 |    12 ||    35
         Headbutt          |     1 |    19 |    11 ||    31
         Punch             |     1 |     5 |     5 ||    11
   Cast: Beastly Appendage |     3 |    22 |     6 ||    31
         Wereblood         |       |     3 |     5 ||     8
         Spider Form       |       |     2 |    22 ||    24
    Use: Potion            |       |     1 |     1 ||     2
         Scroll            |       |       |    12 ||    12
   Stab: Sleeping          |     2 |     1 |     1 ||     4
 Armour: Skin              |    56 |   102 |    98 ||   256
  Dodge: Dodged            |    84 |   175 |   246 ||   505
         Repelled          |       |     1 |     2 ||     3

Table legend: (Time is in decaauts)
 A = Elapsed time spent in this place.
 B = Non-inter-level travel time spent in this place.
 C = Inter-level travel time spent in this place.
 D = Time resting spent in this place.
 E = Time spent auto-exploring this place.
 F = Levels seen in this place.
 G = Mean time per level.
                   A        B        C        D        E       F      G
               +--------+--------+--------+--------+--------+-----+--------+
         Total |   9047 |   8375 |    672 |    538 |   5792 |   9 | 1005.2 |
       Dungeon |   9028 |   8356 |    672 |    538 |   5792 |   8 | 1128.5 |
        Temple |     18 |     18 |      0 |      0 |      0 |   1 |   18.0 |
               +--------+--------+--------+--------+--------+-----+--------+

Top non-repeatable levels by time:
     D:4: 1511 daAuts
     D:6: 1415 daAuts
     D:1: 1238 daAuts
     D:5: 1157 daAuts
     D:2: 1067 daAuts
     D:3: 1062 daAuts
     D:7: 1050 daAuts
     D:8: 524 daAuts
  Temple: 18 daAuts
